Cogmind - Beta 12 @@@ ROGUE MODE // 2023.12.17 @ 13:35:10 Player: epb Result: Self-destructed Performance ------------- Evolutions (2) 1000 Regions Visited (3) 600 Robots Destroyed (35) 175 Value Destroyed (1024) 1024 Prototype IDs (0) 0 Alien Tech Used (0) 0 Bonus (0) 0 TOTAL SCORE: 2799 Bonus ------- None Cogmind --------- Core Integrity 62/550 Matter 212/300 Energy 100/100 System Corruption 0% Temperature Cool (0) Movement Core (50) Location -8/Materials Parts ------- > --- POWER (2) -------- (None) > --- PROPULSION (4) --- (None) > --- UTILITY (3) ------ (None) > --- WEAPON (2) ------- Mini Grenade Launcher > --- INVENTORY (5) ---- Improved Ion Engine Light Nuclear Core Light Assault Rifle Light Assault Rifle Light Cannon Peak State ------------ > --- POWER ------------ Light Deuterium Engine Light Nuclear Core > --- PROPULSION ------- Aluminum Leg Aluminum Leg Aluminum Leg Aluminum Leg > --- UTILITY ---------- Small Storage Unit Improved Sensor Array Improved Signal Interpreter > --- WEAPON ----------- Heavy Particle Cannon Light Cannon > --- INVENTORY -------- Ion Engine Light Nuclear Core ECM Suite Light Assault Rifle Light Assault Rifle Heavy Assault Rifle Light Cannon Mini Grenade Launcher [Rating: 22] Favorites ----------- Power Improved Ion Engine Engine Improved Ion Engine Power Core Nuclear Core Propulsion Aluminum Leg Leg Aluminum Leg Wheel Wheel Utility Small Storage Unit Device Improved Sensor Array Storage Small Storage Unit Processor Improved Signal Interpreter Weapon Light Cannon Energy Gun EM Pulse Gun Energy Cannon Heavy Particle Cannon Ballistic Gun Light Assault Rifle Ballistic Cannon Light Cannon Launcher Mini Grenade Launcher Build | -11 -10 -9 -8 ------- Run | Jun Mat Mat Mat Slots Evolved 4 | . . 2 2 Power 1 | . . . 1 Propulsion 2 | . . 1 1 Utility 1 | . . 1 . Weapon . | . . . . Parts Attached 32 | 5 4 5 18 Power 9 | 1 . 2 6 Engine 6 | 1 . 1 4 Core 3 | . . 1 2 Reactor . | . . . . Propulsion 9 | 2 . 1 6 Treads . | . . . . Leg 6 | 2 . 1 3 Wheel 3 | . . . 3 Hover . | . . . . Flight . | . . . . Utility 5 | 1 1 1 2 Device 2 | . . 1 1 Storage 1 | 1 . . . Processor 2 | . 1 . 1 Hackware . | . . . . Protection . | . . . . Artifact . | . . . . Weapon 9 | 1 3 1 4 Energy Gun 3 | 1 1 . 1 Energy Cannon 1 | . . . 1 Ballistic Gun 1 | . 1 . . Ballistic Cannon 2 | . 1 1 . Launcher 2 | . . . 2 Special Weapon . | . . . . Impact Weapon . | . . . . Slashing Weapon . | . . . . Piercing Weapon . | . . . . Special Melee Weapon . | . . . . Unidentified Prototypes . | . . . . Parts Lost 14 | . . 1 13 Power 3 | . . . 3 Propulsion 5 | . . . 5 Utility 2 | . . . 2 Weapon 4 | . . 1 3 Highest Loss Streak 6 | . . 1 6 To Critical Strikes . | . . . . Average Slot Usage (%) 82 | . 90 81 80 Engine 9 | . 14 7 9 Core 3 | . . 3 5 Leg 25 | . 28 25 24 Wheel 1 | . . . 2 Device 4 | . . 1 6 Storage 10 | . 14 11 9 Processor 8 | . 12 11 6 Energy Gun 4 | . 14 5 1 Energy Cannon 5 | . . . 8 Ballistic Cannon 7 | . 1 16 6 Naked Turns . | . . . . Heaviest Build 29 | 10 13 18 29 Greatest Support 40 | 20 20 30 40 Greatest Overweight (x) 2 | 1 . . 2 Average Overweight (x) . | . . . . Largest Inventory Capacity 8 | 8 8 8 8 Average Capacity 7 | 6 8 8 7 Most Carried 8 | . 5 7 8 Average Carried 5 | . 1 5 7 Final Capacity 8 | 8 8 8 5 Final Carried 5 | . 5 5 5 Class Distribution -------------------- 96% | Mutant 3% | Scavenger-Mutant Dominant Class ---------------- Mutant | -10/Materials Mutant | -9/Materials Mutant | -8/Materials Resources | -11 -10 -9 -8 ----------- Run | Jun Mat Mat Mat Matter Collected 712 | 113 149 173 277 Remotely . | . . . . Salvage Created 990 | . 138 215 637 Parts 79 | . 14 18 47 Haulers Intercepted . | . . . . Recyclers Shooed 1 | . 1 . . Parts Field Recycled . | . . . . Retrieved Matter . | . . . . Parts Self-Destructed . | . . . . Prevented . | . . . . Kills | -11 -10 -9 -8 ------- Run | Jun Mat Mat Mat Combat Hostiles Destroyed 26 | . 3 6 17 Guns 3 | . 1 2 . Cannons 12 | . . 4 8 AOE 10 | . 2 . 8 Classes Destroyed 10 | . 3 3 4 Worker 3 | . . . 3 Builder 3 | . 1 1 1 Recycler 1 | . 1 . . Mechanic 1 | . . 1 . Watcher 1 | . . . 1 Swarmer 5 | . 3 2 . Cutter 3 | . . . 3 Grunt 12 | . . 3 9 Sentry 5 | . . 1 4 Hunter 1 | . . . 1 Best Kill Streak 8 | . 5 7 8 Combat Bots Only 7 | . 3 5 7 Max Kills in Single Turn 3 | . 2 1 3 Gunslinging . | . . . . Exploded 3 | . 2 . 3 Melee . | . . . . Uniques/NPCs Destroyed . | . . . . Combat | -11 -10 -9 -8 -------- Run | Jun Mat Mat Mat Damage Taken 1831 | . 93 192 1546 Core 547 | . 31 28 488 Absorbed by Shields . | . . . . Core Remaining (%) 93 | 100 87 93 . Volleys Fired 86 | . 11 21 54 Largest 2 | . 2 2 2 Hottest 140 | . 60 75 140 Shots Fired 151 | . 16 39 96 Gun 34 | . 16 7 11 Cannon 106 | . . 32 74 Launcher 11 | . . . 11 Special . | . . . . Kinetic 67 | . 5 32 30 Thermal 55 | . . . 55 Explosive 11 | . . . 11 Electromagnetic 18 | . 11 7 . Robot Hit Streak 8 | . 7 3 8 Robot Miss Streak 4 | . 2 4 4 Penetration Max . | . . . . Secondary Targets . | . . . . Shots Hit Robots 90 | . 11 18 61 Core Hits 65 | . 7 11 47 Critical Kills 1 | . . . 1 Critical Parts Destroyed . | . . . . Critical Strikes 3 | . . 1 2 Meltdown 1 | . . . 1 Blast 2 | . . 1 1 Melee Attacks . | . . . . Impact . | . . . . Slashing . | . . . . Piercing . | . . . . Sneak Attacks . | . . . . Combat Hostiles . | . . . . Follow-up Attacks . | . . . . Damage Inflicted 2559 | . 228 320 2011 Guns 309 | . 156 43 110 Cannons 1357 | . . 277 1080 Explosions 887 | . 72 . 815 Melee . | . . . . Ramming 6 | . . . 6 Kinetic 668 | . 36 277 355 Thermal 907 | . 72 . 835 Explosive 815 | . . . 815 Electromagnetic 163 | . 120 43 . Impact . | . . . . Slashing . | . . . . Piercing . | . . . . Highest Corruption . | . . . . Average Corruption . | . . . . Corruption Purged . | . . . . Corruption Blocked . | . . . . Overload Shots . | . . . . Overflow Damage . | . . . . Projectiles . | . . . . Explosions . | . . . . Melee . | . . . . Knockbacks 9 | . . 3 6 Impact . | . . . . Kinetic 9 | . . 3 6 Secondary . | . . . . Self-Inflicted Damage 40 | . . . 40 Shots 1 | . . . 1 Rammed 1 | . . . 1 Targets Rammed 1 | . . . 1 Kicked . | . . . . Crushed . | . . . . Highest Temperature 508 | . 40 57 508 Average Temperature 124 | . 26 16 154 Received Heat Transfer 528 | . . 60 468 Effects 9 | . . . 9 Shutdowns 4 | . . . 4 Interference 2 | . . . 2 Short Circuit 3 | . . . 3 Siege Activations . | . . . . Robots Corrupted . | . . . . Combat Hostiles . | . . . . Parts Fried . | . . . . Impact Corruptions . | . . . . Robots Melted 1 | . . . 1 Combat Hostiles 1 | . . . 1 Parts Melted 2 | . . . 2 Heat Transferred 1382 | . 50 . 1332 Parts Sabotaged . | . . . . Parts Stolen . | . . . . Parts Stripped . | . . . . Power Chain Reactions 1 | . 1 . . Missiles Intercepted . | . . . . Alert | -11 -10 -9 -8 ------- Run | Jun Mat Mat Mat Peak Influence 365 | . 158 328 365 Initial 138 | . . 66 138 Average 161 | . 68 209 185 Maximum Alert Level 1 | . . 1 1 Low Security (%) 65 | 100 100 47 58 Level 1 34 | . . 52 41 Level 2 . | . . . . Level 3 . | . . . . Level 4 . | . . . . Level 5 . | . . . . High Security . | . . . . Max Security . | . . . . Squads Dispatched 6 | . 2 . 4 Investigation . | . . . . Extermination . | . . . . Reinforcement 6 | . 2 . 4 Assault . | . . . . Garrison . | . . . . Intercept . | . . . . Searches Triggered . | . . . . Construction Impeded . | . . . . Haulers Reinforced . | . . . . Active Scanning Responses . | . . . . Cargo Convoy Interrupts . | . . . . Stealth | -11 -10 -9 -8 --------- Run | Jun Mat Mat Mat Distress Signals 3 | . 1 . 2 Communications Jammed . | . . . . Distress Signals . | . . . . Times Spotted 51 | . 8 14 29 Peak Tracking Total 10 | . 5 5 10 Tactical Retreats 6 | . . 1 5 Traps | -11 -10 -9 -8 ------- Run | Jun Mat Mat Mat Traps Triggered . | . . . . Indirectly . | . . . . Trap Hack Attempts . | . . . . Triggered . | . . . . Disarmed . | . . . . Reprogrammed . | . . . . Reused . | . . . . Traps Extracted . | . . . . Installed . | . . . . Triggered . | . . . . Machines | -11 -10 -9 -8 ---------- Run | Jun Mat Mat Mat Machines Disabled 4 | . 1 1 2 Max in Single Turn 1 | . 1 1 1 Machines Repaired . | . . . . Machines Sabotaged . | . . . . Overloaded Fab Kills . | . . . . Hacking | -11 -10 -9 -8 --------- Run | Jun Mat Mat Mat Machines Accessed . | . . . . Terminals . | . . . . Fabricators . | . . . . Repair Stations . | . . . . Recycling Units . | . . . . Scanalyzers . | . . . . Garrison Access . | . . . . Total Hacks . | . . . . Successful . | . . . . Failed . | . . . . Catastrophic . | . . . . Database Lockouts . | . . . . Manual . | . . . . Terminals . | . . . . Fabricators . | . . . . Repair Stations . | . . . . Recycling Units . | . . . . Scanalyzers . | . . . . Garrison Access . | . . . . Terminal Hacks . | . . . . Fabricator Hacks . | . . . . Repair Station Hacks . | . . . . Recycling Unit Hacks . | . . . . Scanalyzer . | . . . . Garrison Access Hacks . | . . . . Unauthorized Hacks . | . . . . Terminals . | . . . . Fabricators . | . . . . Repair Stations . | . . . . Recycling Units . | . . . . Scanalyzers . | . . . . Garrison Access . | . . . . Data Cores Recovered . | . . . . Used . | . . . . Hacking Detections . | . . . . Full Trace Events . | . . . . Feedback Events . | . . . . Feedback Blocked . | . . . . Robot Schematics Acquired . | . . . . Robots Built . | . . . . Authchips . | . . . . Time . | . . . . Total Robot Build Rating . | . . . . Part Schematics Acquired . | . . . . Parts Built . | . . . . Authchips . | . . . . Time . | . . . . Total Part Build Rating . | . . . . Parts Repaired . | . . . . Time . | . . . . Parts Recycled . | . . . . Recycled Matter . | . . . . Retrieved Matter . | . . . . Retrieved Components . | . . . . Parts Scanalyzed . | . . . . Part Schematics Acquired . | . . . . Parts Damaged . | . . . . Bothacking | -11 -10 -9 -8 ------------ Run | Jun Mat Mat Mat Used RIF Installer . | . . . . Robots Hacked . | . . . . Non-combat . | . . . . Combat . | . . . . Robot Hacks Applied . | . . . . Relay Couplers Released . | . . . . Fabnet Peak Effective % . | . . . . Robots Rewired . | . . . . Allies Hacked . | . . . . Hacks Repelled . | . . . . Allies | -11 -10 -9 -8 -------- Run | Jun Mat Mat Mat Total Allies . | . . . . Largest Group . | . . . . Highest-Rated Group . | . . . . Highest-Rated Ally . | . . . . Total Orders . | . . . . Ally Attacks . | . . . . Total Damage . | . . . . Kills . | . . . . Allies Corrupted . | . . . . Allies Melted . | . . . . Intel | -11 -10 -9 -8 ------- Run | Jun Mat Mat Mat Robot Analysis Total . | . . . . Derelict Logs Recovered . | . . . . Drone Launches . | . . . . Drone Recoveries . | . . . . Exploration | -11 -10 -9 -8 ------------- Run | Jun Mat Mat Mat Turns Passed 1483 | 63 262 270 888 Spaces Moved 947 | 50 186 161 550 Core 8 | 8 . . . Treads . | . . . . Legs 815 | 42 186 161 426 Wheels 124 | . . . 124 Hover . | . . . . Flight . | . . . . Fastest Speed 50 | 50 120 120 80 Average Speed 119 | 112 120 120 119 Slowest Speed 260 | 120 120 120 260 Overloaded Moves . | . . . . Propulsion Burnouts . | . . . . Robots Hopped . | . . . . Cave-ins Triggered . | . . . . Exploration Rate (%) 26 | 3 37 24 40 Regions Visited 3 Branch Regions . Pre-discovered Areas . | . . . . Known Exits Taken 2 | . 1 1 . Unknown Exits Taken 1 | 1 . . . Scrap Searched . | . . . . Spaces Dug . | . . . . Terrain Destroyed 79 | . 2 . 77 Melee . | . . . . Projectile 14 | . . . 14 AOE 65 | . 2 . 63 Terrain Rammed . | . . . . Walls Destroyed . | . . . . Machines Disabled . | . . . . Actions | -11 -10 -9 -8 --------- Run | Jun Mat Mat Mat Total 1145 | 54 209 198 684 Wait 49 | . . 8 41 Move 944 | 49 185 160 550 Hop . | . . . . Pick Up 15 | . 7 2 6 Fast Attach 21 | 5 2 2 12 Attach 2 | . . 1 1 Detach 1 | . . . 1 Swap 9 | . 2 2 5 Drop 17 | . 2 2 13 Fire 86 | . 11 21 54 Melee . | . . . . Ram 1 | . . . 1 Kick . | . . . . Crush . | . . . . Escape Stasis . | . . . . Rewire . | . . . . Trap . | . . . . Miscellaneous . | . . . . Route ------- -11/Junkyard -10/Materials -9/Materials -8/Materials History --------- Turn | Location | Event 8 | -11/Junkyard | Discovered new exit (range 16) 64 | -11/Junkyard | Entered Materials 245 | -10/Materials | Discovered new exit (range 16) 313 | -10/Materials | Build established: Mutant 325 | -10/Materials | Identified exit to Materials 326 | -10/Materials | Entered another Materials area 326 | -9/Materials | Evolved 2 slots: Propulsion x1, Utility x1 590 | -9/Materials | Discovered new exit (range 4) 595 | -9/Materials | Identified exit to Materials 596 | -9/Materials | Entered another Materials area 596 | -8/Materials | Evolved 2 slots: Power x1, Propulsion x1 1225 | -8/Materials | Lost 3 parts (1p1n1w) 1415 | -8/Materials | Core integrity fell below 50% 1441 | -8/Materials | Destroyed 7 combat bots 1445 | -8/Materials | Lost 6 parts (2p2n2w) 1476 | -8/Materials | Core integrity fell below 20% 1484 | -8/Materials | Self-destructed Last Messages --------------- 01422_ ALERT: Hostile activity reported, dispatching reinforcements to area. 01422_ Penetrated by Slug. 01422_ Knocked back. 01423_ The unstable cave ceiling collapses. 01423_ Slammed into U-05 Engineer. 01423_ Destabilizing: System interference. 01423_ Mni. Grenade Launcher temporarily disabled. 01431_ K-01 Serf cleans the Processing Tank. 01448_ Knocked back. 01450_ Terminal disabled. 01469_ W-25 Informer sends out distress signal. 01473_ Electrolysis Chamber disabled. 01476_ K-01 Serf destroyed. 01478_ Slug penetrates Wall. 01481_ Penetrated by Slug. 01481_ Wheel destroyed. 01482_ Slug penetrates Wall. 01482_ Sml. Storage Unit destroyed. 01482_ H-55 Commando destroyed. Map ----- +----------------------------------------------------+ | " #????# # #?????????????????????????????? | | " #????# # #?????????????????????????????? | | " #????# / #?????????????????????????????? | | #????# # #?????????????????????????????? | | #????# # ######????????????????????????? | | ###????# # ?????????????????? | | ???????#########/#########???????????????????????? | | #####????????# #??????????????????????????? | | ##???????# """ #??????????????????????????? | | ##########= """"" #??????????????????????????? | | % | =%/![""""" #??????????????????????????? | | ##########% """"" #??????????????????????????? | | #????????# """ #??????????????????????????? | | ##????????# %#??????????????????????????? | | #?????????# #??????????????????????????? | | #?????????# #??????????????????????????? | | #?????????##############??????????????????????? | | #?????????????# #??????????????????????? | | #?????????????# """ #??????????????????????? | | #######/####### """ ! #??????????????????????? | | # """ #??????????????????????? | | #??????????????????????? | | " #??????????????????????? | | ###/######+## %;??????????????????????? | | #???? [#??????????????????????? | | [ #???? @#??????????????????????? | | #???? [% ;####??????????????????????? | | """ #???? H ??????????????????????????????? | | """ #????? ??????????????????????????????? | | """ #??????# ?????????????????????????????? | | """ #??????# ????????????????????????????? | | """ #??????# ####???????????????????????????? | | #??????# #####????????????????????????????? | | ###+##???### # #????????????????????????????? | | # ###?### ##???????????????????????????? | | " # # ## [ "## ??????????????????????? | | " # / =%= ?????????????????????? | | " + =%! %= ?????????????????????? | | # = * % %! ?????????????????????? | | ### ! #???????????????????????????? | | #?# % ## = ??????????????????????????? | | #?# # " ???????????????????????????? | | ###?## ##T " " # ???????????????????????????? | | ?????#####" """ #?? ????????????????????????????? | | ?????????# #????????????????????????????????? | | ?????????# * |#????????????????????????????????? | | ?????????########????????????????????????????????? | | ?????????????????????????????????????????????????? | | | | | +----------------------------------------------------+ Best States ------------- Heat Dissipation 31 Energy Generation 23 Energy Capacity 405 Matter Stores 300 Matter Capacity 300 Sight Range 16 Robot Scan Range 15 Terrain Scan Density 10 ECM Strength 1 Evasion (%) 55 Item Schematics ----------------- None Robot Schematics ------------------ None Fabricated ------------ Nothing Alien Tech Used ----------------- None Achievements -------------- None Challenges ------------ None Game ------ Seed DerelictHardenedAccelerator Manual? 0 Play Time 00:14:51 Cumulative 19.0 hours Start 2023.12.15 @ 22:37:16 End 2023.12.17 @ 13:35:10 Sessions 5 Manual Loads 0 Difficulty Rogue Special Mode None Game No. 54 Rogue 54 Adventurer 0 Explorer 0 Win Type - Total 0 Types 0/0/0/0/0/0/0/0/0 Lore% 11 Gallery% 25 Achievement% 19 Wizard Run 0 Options --------- ASCII 0 Keyboard 0 Movement Vi Keybinds 0 Fullscreen 2 Font 14/TerminusBold Map View 72x54 Tactical HUD 1 Map Filters NONE Filters NONE Steam X RUN: 851cdbab-fae2-4728-b279-8a4868ca008f